AoeStats
← YouveFoundJonny

MegaRandom

506421387Analyzed
3v3 RM · 19d ago on Sep 13, 2026· 65m 34s· 6 players
Game mode
Random Map
Map size
Normal (6 player)
Population
200
Speed
Normal
Resources
Standard
Victory
Conquest
Starting age
Dark Age
Ending age
Imperial Age
RankedLock teamsTeams togetherTeam positionsShared explorationLock speedFull tech treeHidden civsTurbo modeCheats
Victory
Defeat
🇩🇪 Maya · Germany
1539
+7
🇨🇱 Byzantines · Chile
1409
+11
🇺🇸 Portuguese · United States
1356
+12
🇳🇱 Dravidians · Netherlands
1321
-11
🇬🇧 Magyars · United Kingdom
1298
-10
🇬🇧 Chinese · United Kingdom
1272
-9
brendan.killough
6:30 Loom
7:03 Loom
9:17 Feudal Age
9:46 Double-Bit Axe
16:50 Castle Age
15:49 Bloodlines
16:09 Horse Collar
17:56 Bow Saw
20:51 Scale Barding Armor
22:35 Husbandry
23:25 Gold Mining
25:01 Wheelbarrow
29:16 Hand Cart
29:12 Elite Skirmisher
30:45 Fletching
31:51 Bodkin Arrow
31:56 Padded Archer Armor
35:59 Imperial Age
34:32 Forging
34:17 Light Cavalry
36:50 Leather Archer Armor
37:10 Bracer
38:52 Ballistics
39:32 Chemistry
38:14 Treadmill Crane
38:44 Masonry
39:09 Caravan
39:59 Conscription
42:58 Two-Man Saw
42:39 Architecture
44:12 Ring Archer Armor
43:43 Scale Mail Armor
44:18 Iron Casting
43:40 Man-at-Arms
44:06 Gambesons
44:06 Arson
44:24 Long Swordsman
44:26 Pikeman
45:29 Chain Mail Armor
46:07 Guard Tower
46:13 Murder Holes
46:40 Bombard Tower
45:49 Halberdier
45:50 Two-Handed Swordsman
47:34 Plate Mail Armor
48:05 Blast Furnace
46:43 Champion
48:23 Siege Engineers
51:22 Keep
63:41 Crossbowman
64:26 Thumb Ring
65:05 Arbalester
banzigerrastard
0:37 Loom
11:12 Feudal Age
14:47 Castle Age
13:10 Double-Bit Axe
14:03 Stone Mining
15:51 Bow Saw
17:45 Horse Collar
20:59 Fletching
23:14 Wheelbarrow
23:34 Bodkin Arrow
25:47 Hand Cart
31:16 Imperial Age
29:20 Ballistics
29:10 Padded Archer Armor
30:42 Treadmill Crane
31:22 Gold Mining
31:18 Elite Plumed Archer
32:00 Bracer
33:33 Chemistry
32:52 Leather Archer Armor
34:29 Conscription
35:46 Ring Archer Armor
36:34 Masonry
36:20 Murder Holes
36:53 Scale Mail Armor
37:04 Forging
37:42 Coinage
37:59 Hoardings
37:57 Architecture
39:38 Chain Mail Armor
39:59 Iron Casting
40:44 Banking
39:49 Capped Ram
40:32 Siege Ram
41:56 Plate Mail Armor
42:26 Blast Furnace
42:16 Arson
42:32 Squires
42:04 Eagle Warrior
45:06 Caravan
48:36 Thumb Ring
48:07 Elite Skirmisher
52:06 Hul'che Javelineers
55:41 Elite Eagle Warrior
57:00 Holcans
Koga
8:36 Loom
10:58 Feudal Age
11:30 Double-Bit Axe
18:26 Castle Age
16:34 Scale Barding Armor
16:34 Horse Collar
18:18 Fletching
19:22 Bow Saw
20:34 Stone Mining
23:38 Wheelbarrow
23:10 Heavy Plow
26:35 Hand Cart
26:57 Padded Archer Armor
26:59 Elite Skirmisher
28:16 Leather Archer Armor
27:58 Bodkin Arrow
28:37 Stone Mining
28:38 Gold Mining
29:39 Leather Archer Armor
30:26 Forging
30:36 Fortified Wall
31:53 Ballistics
34:35 Imperial Age
33:54 Caravan
34:32 Gold Shaft Mining
34:34 Stone Shaft Mining
34:50 Chain Barding Armor
36:02 Plate Barding Armor
36:36 Chemistry
35:58 Husbandry
37:23 Two-Man Saw
36:55 Crop Rotation
37:19 Iron Casting
36:10 Elite Cataphract
38:17 Cavalier
40:02 Conscription
39:48 Bracer
41:43 Hoardings
40:58 Treadmill Crane
43:58 Thumb Ring
45:09 Ring Archer Armor
44:20 Light Cavalry
45:06 Hussar
50:18 Heavy Camel Rider
59:02 Scale Mail Armor
WignerSeitz
9:13 Loom
11:22 Feudal Age
15:00 Castle Age
13:01 Horse Collar
14:24 Double-Bit Axe
14:52 Fletching
17:15 Bodkin Arrow
18:55 Padded Archer Armor
20:23 Leather Archer Armor
22:40 Wheelbarrow
22:18 Bow Saw
23:27 Heavy Plow
25:38 Town Watch
30:21 Wheelbarrow
36:59 Imperial Age
38:50 Chemistry
38:02 Bracer
39:12 Ring Archer Armor
39:01 Husbandry
40:11 Bloodlines
39:23 Light Cavalry
41:08 Parthian Tactics
40:42 Hussar
41:47 Recurve Bow
42:41 Scale Barding Armor
44:08 Caravan
45:03 Heavy Cavalry Archer
46:04 Chain Barding Armor
46:08 Conscription
46:30 Cavalier
51:03 Paladin
53:59 Plate Barding Armor
55:38 Scale Mail Armor
56:42 Ballistics
60:31 Two-Man Saw
59:45 Thumb Ring
60:19 Crop Rotation
YouveFoundJonny
0:26 Loom
10:40 Feudal Age
10:52 Feudal Age
15:01 Castle Age
21:16 Wheelbarrow
22:23 Hand Cart
22:12 Double-Bit Axe
24:25 Bow Saw
24:50 Stone Mining
24:55 Gold Mining
27:20 Gold Shaft Mining
31:22 Imperial Age
29:10 Fletching
31:08 Bodkin Arrow
31:13 Padded Archer Armor
32:31 Town Watch
34:08 Two-Man Saw
32:37 Elite Chu Ko Nu
33:42 Conscription
35:03 Bracer
35:19 Leather Archer Armor
36:17 Ballistics
36:57 Chemistry
36:47 Coinage
36:15 Horse Collar
37:58 Elite Chu Ko Nu
40:56 Ring Archer Armor
43:04 Heavy Rocket Cart
49:51 Heavy Plow
51:09 Caravan
56:41 Masonry
59:13 Banking
62:20 Capped Ram
63:14 Siege Ram
Ditters
8:56 Loom
11:37 Feudal Age
15:49 Castle Age
14:03 Horse Collar
14:24 Double-Bit Axe
15:10 Fletching
15:54 Gold Mining
17:04 Bow Saw
19:48 Town Watch
21:05 Wheelbarrow
22:47 Bodkin Arrow
23:37 Heavy Plow
23:40 Padded Archer Armor
24:30 Stone Mining
25:32 Leather Archer Armor
26:11 Ballistics
27:21 Leather Archer Armor
27:33 Thumb Ring
27:54 Husbandry
30:37 Hand Cart
35:45 Imperial Age
36:35 Bracer
38:10 Chemistry
37:21 Caravan
38:09 Ring Archer Armor
39:45 Medical Corps
41:11 Two-Man Saw
40:30 Elite Elephant Archer
49:10 Guilds
49:30 Conscription
49:47 Forging
50:41 Man-at-Arms
51:06 Gambesons
51:59 Scale Mail Armor
51:30 Long Swordsman
52:47 Iron Casting
52:02 Two-Handed Swordsman
52:43 Squires
53:00 Chain Mail Armor
53:00 Champion
55:34 Plate Mail Armor
55:05 Arson
57:57 Blast Furnace
59:10 Wootz Steel
61:53 Masonry
62:18 Coinage
Connection lost

Rejoining the realm…

Still unreachable

The connection could not be restored.

Session expired

The server has moved on; the page needs a fresh start.